 Dungeon Crawl Stone Soup version 0.19-a0-459-gb8ed64d (webtiles) character file.

1488 Leszczynek the Experimenter (level 8, -9/54 HPs)
             Began as a High Elf Artificer on June 2, 2016.
             Was a Believer of Pakellas.
             Mangled by a sixfirhy (11 damage)
             ... on level 2 of the Abyss.
             The game lasted 00:23:17 (5057 turns).

Leszczynek the Experimenter (High Elf Artificer)    Turns: 5057, Time: 00:23:18

Health: -9/54      AC:  8    Str: 13    XL:     8   Next: 51%
Magic:  18/18      EV: 14    Int: 15    God:    Pakellas [**....]
Gold:   381        SH:  0    Dex: 16    Spells: 0 memorised, 7 levels left

rFire  . . .     SeeInvis .     a - +1 falchion (drain)
rCold  + . .     Gourm    .     o - +1 ring mail {rPois}
rNeg   . . .     Faith    .     (no shield)
rPois  +         Spirit   .     L - +0 helmet
rElec  .         Dismiss  .     m - +0 cloak
rCorr  +         Reflect  .     (no gloves)
SustAt .         Harm     .     (no boots)
MR     .....                    (no amulet)
Stlth  +.........               r - ring of protection from cold
                                k - ring of resist corrosion

@: not resistant to hostile enchantments, very unstealthy
A: no striking features
a: Quick Charge, Renounce Religion


You were on level 2 of the Abyss.
You worshipped Pakellas.
Pakellas was pleased with you.
You were not hungry.

You visited 1 branch of the dungeon, and saw 6 of its levels.
You visited the Abyss 1 time.

You collected 381 gold pieces.

Inventory:

Hand Weapons
 a - a +1 falchion of draining (weapon)
 b - a +3 spear of piercing
Missiles
 n - 111 arrows
 t - 9 tomahawks (quivered)
Armour
 j - a cursed +0 large shield
 m - a +0 cloak (worn)
 o - a +1 ring mail of poison resistance (worn)
 L - a +0 helmet (worn)
Jewellery
 k - a ring of resist corrosion (left hand)
 r - a ring of protection from cold (right hand)
Wands
 c - a wand of flame (3/48)
 d - a wand of enslavement (14/24)
 e - a wand of random effects (5/48)
 C - a wand of confusion (9/48)
 D - a wand of slowing (29/48)
Scrolls
 p - a scroll of immolation
 q - 2 scrolls of enchant weapon
 F - a scroll of fog
 H - a scroll of amnesia {unknown}
 O - a scroll of remove curse
Potions
 i - 2 potions of berserk rage
 l - 3 potions of curing
 s - a potion of cancellation {unknown}
 u - a potion of agility {unknown}
 v - a potion of heal wounds {unknown}
 w - a potion of mutation {unknown}
 x - a potion of degeneration {unknown}
 z - a potion of resistance {unknown}
 A - 2 potions of might {unknown}
 B - a potion of haste {unknown}
 E - a potion of brilliance {unknown}
 J - a potion of ambrosia {unknown}
 K - a potion of magic
Miscellaneous
 G - a box of beasts {used: 1}
Comestibles
 f - 5 bread rations
 g - 2 beef jerkies
 h - 5 meat rations
 M - 10 chunks of flesh


   Skills:
 - Level 4.0 Fighting
   Level 1.3(7.0) Short Blades
 - Level 10.8(10.9) Long Blades
 + Level 5.8 Dodging
 - Level 2.0 Stealth
 - Level 12.2 Evocations


You had 7 spell levels left.
You didn't know any spells.

Dungeon Overview and Level Annotations

Branches:
Dungeon (6/15)             Temple (0/1) D:6

Altars:
Ashenzari
Dithmenos
Gozag
Okawaru
Pakellas
Trog

Shops:
D:6 *

Annotations:
D:3 tstbtto's ghost, novice NaGl
D:5 tstbtto's ghost, novice HOGl


Message History

Zapping:
C - a wand of confusion (11/48)
Press: ? - help, Shift-Dir - straight line, f/p - sixfirhy
Aim: a sixfirhy (lightly wounded, chance to defeat MR: 35%)
The sixfirhy easily resists.
This wand has 10 charges left.
Evoke which item? (* to show all) (? for menu, Esc to quit)
Zapping:
C - a wand of confusion (10/48)
Press: ? - help, Shift-Dir - straight line, f/p - sixfirhy
Aim: a sixfirhy (chance to defeat MR: 35%)
The sixfirhy easily resists.
This wand has 9 charges left.
The sixfirhy misses you. The sixfirhy hits you.
* * * LOW HITPOINT WARNING * * *
The sixfirhy shocks you!
* * * LOW HITPOINT WARNING * * *
Your elder firesting beast hits the sixfirhy!
Your elder firesting beast stings the sixfirhy!
The sixfirhy is poisoned.
Your elder firesting beast poisons the sixfirhy!
The sixfirhy hits you!
You die...
Pakellas says: Good help is so hard to find these days!

... ##§.. ####
#.#.. .
..##5###...#
.#.#.#. .# #
#.§#.....##... . #
#...###.#.......#.
# # ###4##
........#.. .
#..###..
..#......# ##..#
#.# ###.# . #
#..#.### #. #. ##
#.##.4@# #. #. #
#.H#..# #........#
#.......###
#.#..#..#
#.....#..#
..#...#.... #. ...
#....


You could see a sixfirhy and a friendly elder firesting beast.

Vanquished Creatures
  An orc warrior (D:6)
  2 ogres
  A howler monkey (D:6)
  4 crimson imps
  A hound (D:5)
  An iguana (D:6)
  Ijyb (D:2)
  2 orc wizards (D:4)
  3 worker ants
  8 adders
  A howler monkey skeleton (D:6)
  3 gnolls (D:2)
  2 dart slugs
  2 worms
  3 giant geckos
  11 orcs
  11 bats
  6 giant cockroaches
  9 goblins
  12 hobgoblins
  10 jackals
  2 quokkas (D:4)
  A ball python (D:3)
  5 giant newts
  A jackal skeleton (D:5)
  7 kobolds
  4 rats
114 creatures vanquished.

Vanquished Creatures (collateral kills)
  A smoke demon (Abyss:2)
  A quasit (Abyss:2)
2 creatures vanquished.

Grand Total: 116 creatures vanquished

Notes
Turn   | Place    | Note
--------------------------------------------------------------
     0 | D:1      | Leszczynek the High Elf Artificer began the quest for the Orb.
     0 | D:1      | Reached XP level 1. HP: 13/13 MP: 4/4
    89 | D:1      | Reached XP level 2. HP: 15/19 MP: 5/5
  1131 | D:2      | Noticed Ijyb
  1160 | D:2      | Reached XP level 3. HP: 19/25 MP: 6/6
  1287 | D:2      | Killed Ijyb
  1432 | D:2      | Reached XP level 4. HP: 31/31 MP: 7/7
  1809 | D:2      | Found an iron altar of Okawaru.
  1922 | D:2      | Found an oddly glowing altar of Pakellas.
  1930 | D:2      | Became a worshipper of Pakellas the Inventive
  2258 | D:3      | Noticed tstbtto's ghost (novice NaGl)
  2266 | D:3      | Reached * piety under Pakellas
  2266 | D:3      | Received a gift from Pakellas
  2390 | D:3      | Reached XP level 5. HP: 31/37 MP: 8/8
  2523 | D:3      | Found a bloodstained altar of Trog.
  2614 | D:3      | what
  2614 | D:3      | god damn, it will be a shame to lose this char now
  2614 | D:3      | Reached skill level 12 in Evocations
  2614 | D:3      | Reached XP level 6. HP: 43/43 MP: 9/16
  2615 | D:3      | Reached skill level 10 in Long Blades
  2615 | D:3      | Reached XP level 7. HP: 48/48 MP: 9/17
  3015 | D:4      | Found a shadowy altar of Dithmenos.
  3263 | D:4      | Reached ** piety under Pakellas
  3263 | D:4      | Received a gift from Pakellas
  3569 | D:5      | Entered Level 5 of the Dungeon
  3619 | D:5      | Found an opulent altar of Gozag.
  3717 | D:5      | Noticed tstbtto's ghost (novice HOGl)
  3951 | D:5      | Reached XP level 8. HP: 36/54 MP: 18/18
  4078 | D:5      | Found a shattered altar of Ashenzari.
  4684 | D:6      | Reached skill level 5 in Dodging
  4772 | D:6      | Found a staircase to the Ecumenical Temple.
  4950 | D:6      | Found Efufeal's General Store.
  5012 | D:6      | NO
  5012 | D:6      | FUCK
  5012 | D:6      | :/
  5012 | D:6      | ah fuck it, i'm not playing with distortion
  5012 | D:6      | i'm taking the gamble
  5012 | D:6      | Cast into level 2 of the Abyss (a distortion unwield)
  5013 | Abyss:2  | of fucking course
  5013 | Abyss:2  | but if i wanted to go to abyss this way, i'd need 10 tries, like the last time
  5049 | Abyss:2  | Noticed a smoke demon
  5054 | Abyss:2  | Noticed a sixfirhy
  5055 | Abyss:2  | Killed a smoke demon
  5057 | Abyss:2  | HP: 2/54 [sixfirhy (8)]
  5057 | Abyss:2  | Mangled by a sixfirhy

Vault maps used:
D:1:      dpeg_arrival_arbitrary_a, minmay_misc_feat_ornament, minmay_circled_x
D:2:      nicolae_overflow_hidden_temple, lemuel_coloured_pillars_altar,
          uniq_iyjb
D:3:      bloody_trog
D:4:      first_bread, grunt_dithmenos_smoke_and_mirrors
D:5:      kennysheep_mini_moat, evilmike_ruin_ashenzari
D:6:      lemuel_slime, temple_statues, serial_shops,
          nicolae_shop_window_shopping, makhleb_blood_cavern_becter

Skill      XL: |  1  2  3  4  5  6  7  8 |
---------------+-------------------------+-----
Stealth        | 2 |  2.0
Fighting       | 2 3 4 |  4.0
Dodging        | 3 4 5 |  5.8
Evocations     | 12 | 12.2
Long Blades    | 10 | 10.8
Short Blades   | |  1.3

Action                   |  1- 3 |  4- 6 |  7- 9 || total
-------------------------+-------+-------+-------++-------
Melee: Short sword       |    81 |    10 |       ||    91
       Spear             |       |    77 |   149 ||   226
       Falchion          |       |       |    30 ||    30
Evoke: Wand              |     7 |    12 |    19 ||    38
       Box of beasts     |       |       |     1 ||     1
  Use: Scroll            |       |     4 |     4 ||     8
       Potion            |       |     2 |       ||     2
 Stab: Sleeping          |     4 |       |     4 ||     8
       Paralysed         |       |     1 |       ||     1
       Confused          |       |     1 |     7 ||     8
       Distracted        |       |       |     2 ||     2
  Eat: Chunk             |     2 |     3 |     8 ||    13
Armor: Leather armour    |    26 |    21 |     2 ||    49
       Ring mail         |       |       |    37 ||    37
Dodge: Dodged            |    69 |    40 |    53 ||   162
